General information
- name: BNet
- type: Ladder 1vs1/FFA
- host: Battle.net
- saver: Oster
map: TirisfalGlades
- players: 2
- length: 34:23
- speed: Fast
- version: 1.26 W3XP
- replay type: Public
» download(92 KB)
Players
team 1 (loser)
kep (
orange | 38 APM | 1314 actions | 34:11)
2 Crypt Lord
1 Impale
1 Spiked Carapace
» actions
| Assign group hotkey | 13 | |
| Basic commands | 51 | |
| Build / train | 77 | |
| Enter build submenu | 18 | |
| Enter hero's abilities submenu | 2 | |
| Right click | 115 | |
| Select / deselect | 319 | |
| Select group hotkey | 652 | |
| Use ability | 67 | |
1314 total
» units
| Acolyte | 27 | |
| Ghoul | 4 | |
| Crypt Fiend | 6 | |
| Meatwagon | 3 | |
| Obsidian Statue | 3 | |
| Necromancer | 9 | |
| Gargoyle | 3 | |
55 total
» upgrades
| Exhume Corpses | 1 | |
| Web | 1 | |
| Necromancer Training | 2 | |
| Skeletal Longevity | 1 | |
| Skeletal Mastery | 1 | |
| Disease Cloud | 1 | |
7 total
» buildings
| Crypt | 1 | |
| Ziggurat | 10 | |
| Altar of Darkness | 1 | |
| Nerubian Tower | 6 | |
| Graveyard | 1 | |
| Halls of the Dead | 1 | |
| Tomb of Relics | 1 | |
| Slaughterhouse | 1 | |
| Spirit Tower | 1 | |
| Temple of the Damned | 1 | |
| Sacrificial Pit | 1 | |
| Black Citadel | 1 | |
| Boneyard | 1 | |
27 total
» build order
00:06 Crypt
00:17 Ziggurat
00:40 Altar of Darkness
01:23 Nerubian Tower
01:45 Ziggurat
02:36 Graveyard
02:49 Nerubian Tower
03:40 Ziggurat
04:37 Nerubian Tower
04:42 Ziggurat
05:48 Halls of the Dead
05:55 Nerubian Tower
06:47 Tomb of Relics
06:58 Ziggurat
08:57 Ziggurat
09:20 Slaughterhouse
10:05 Spirit Tower
10:27 Ziggurat
12:29 Nerubian Tower
15:03 Ziggurat
16:13 Temple of the Damned
16:39 Nerubian Tower
17:25 Sacrificial Pit
26:36 Black Citadel
31:07 Ziggurat
31:12 Ziggurat
32:58 Boneyard
» items
| Potion of Healing | 2 | |
| Sacrificial Skull | 1 | |
3 total
team 2 (winner)
Oster (
pink | 61 APM | 2096 actions | 34:23)
7 Paladin
3 Holy Light
3 Divine Shield
1 Resurrection
6 Goblin Tinker
3 Pocket Factory
2 Engineering Upgrade
1 Robo-Goblin
» actions
| Assign group hotkey | 50 | |
| Basic commands | 185 | |
| Build / train | 109 | |
| ESC pressed | 4 | |
| Enter build submenu | 38 | |
| Enter hero's abilities submenu | 14 | |
| Give item / drop item | 7 | |
| Right click | 702 | |
| Select / deselect | 546 | |
| Select group hotkey | 194 | |
| Use ability | 246 | |
2096 total
» units
| Peasant | 18 | |
| Footman | 10 | |
| Assassin | 1 | |
| Kobold Geomancer | 1 | |
| Knight | 2 | |
| Priest | 4 | |
36 total
» upgrades
| Defend | 1 | |
| Masonry | 1 | |
| Swords | 3 | |
| Plating | 3 | |
| Priest Training | 2 | |
| Magic Sentry | 1 | |
| Control Magic | 1 | |
| Animal War Training | 1 | |
13 total
» buildings
| Barracks | 1 | |
| Altar of Kings | 1 | |
| Farm | 8 | |
| Scout Tower | 21 | |
| Arcane Tower | 6 | |
| Lumber Mill | 1 | |
| Town Hall | 2 | |
| Guard Tower | 5 | |
| Keep | 2 | |
| Arcane Vault | 3 | |
| Blacksmith | 2 | |
| Castle | 2 | |
| Arcane Sanctum | 2 | |
56 total
» build order
00:05 Barracks
00:10 Altar of Kings
00:29 Farm
00:30 Farm
01:30 Scout Tower
02:14 Arcane Tower
02:21 Farm
02:37 Farm
03:36 Lumber Mill
04:37 Farm
05:40 Town Hall
05:42 Scout Tower
05:51 Scout Tower
05:51 Scout Tower
05:52 Scout Tower
06:10 Arcane Tower
06:13 Scout Tower
06:37 Scout Tower
06:38 Scout Tower
06:42 Guard Tower
06:54 Guard Tower
07:18 Guard Tower
07:36 Farm
07:36 Farm
07:39 Scout Tower
07:39 Scout Tower
08:42 Keep
08:48 Keep
08:50 Guard Tower
08:53 Scout Tower
08:54 Scout Tower
09:18 Arcane Vault
09:23 Arcane Vault
09:37 Guard Tower
09:45 Blacksmith
09:46 Blacksmith
10:26 Arcane Vault
12:11 Castle
12:54 Arcane Sanctum
13:01 Arcane Sanctum
20:34 Scout Tower
20:36 Scout Tower
20:37 Scout Tower
21:56 Arcane Tower
21:58 Town Hall
23:43 Scout Tower
23:44 Scout Tower
23:45 Scout Tower
23:46 Scout Tower
23:47 Scout Tower
23:48 Scout Tower
24:22 Arcane Tower
24:23 Arcane Tower
27:30 Arcane Tower
27:48 Farm
» items
| Boots of Speed | 1 | |
| Staff of Teleportation | 1 | |
| Potion of Invisibility | 6 | |
| Periapt of Vitality | 2 | |
| Scroll of Regeneration | 3 | |
| Lesser Clarity Potion | 6 | |
| Mechanical Critter | 1 | |
| Potion of Lesser Invulnerability | 2 | |
| Potion of Mana | 4 | |
| Potion of Healing | 1 | |
| Staff of Sanctuary | 1 | |
| Scroll of Town Portal | 1 | |
29 total
Chat log
(14:49 / All) Oster: so whos account are you playing under?
(15:14 / All) Oster: there is no way that someone played over 2000 games and is still as bad as you
(19:08 / All) Oster: wow
(19:10 / All) Oster: youre awful
(19:31 / All) Oster: 2463 games and youre fucking awful
(19:32 / All) Oster: why is that?
(19:46 / All) kep: KISS MY ASS
(19:49 / All) Oster: no
(19:51 / All) Oster: answer the question
(20:07 / All) Oster: its not like youre new at this...
(21:44 / All) Oster: LOL
(22:18 / All) Oster: wow
(22:19 / All) Oster: wow
(22:21 / All) Oster: wow
(22:42 / All) Oster: LOL
(22:56 / All) Oster: thatwas your whole plan?
(23:06 / All) Oster: sit in your base and mass summons?
(23:31 / All) Oster: ATTACK MOVE FTW
(23:57 / All) Oster: free exp
(24:00 / All) Oster: send more pls
(24:34 / All) Oster: MOAR SUMMONZ
(25:05 / All) Oster: KILL THE
(25:07 / All) Oster: KILL THEM ALL
(25:08 / All) Oster: FAST
(25:20 / All) Oster: ATTACK MOVE FASTER
(26:19 / All) Oster: MOAR SUMMONZ
(26:30 / All) Oster: MOAR PUSHES
(27:41 / All) Oster: must...get...black...citadel....ARGH
(28:38 / All) Oster: LOL garg switch
(29:06 / All) Oster: aww ur guy died
(29:42 / All) Oster: yay lvl 6 tinker
(30:17 / All) Oster: STILL no skeletal mages?
(30:49 / All) Oster: i feel like a regular athlete competing in the special olympics
(31:34 / All) Oster: ROAR
(32:39 / All) Oster: You know what's more fun than a hero you can repair?
(32:40 / All) Oster: NOTHING
(34:05 / All) Oster: F A I L